 Dungeon Crawl Stone Soup version 0.23.0-3-gf3c87f2 (webtiles) character file.

Game seed: 15734008465678502160

66 Fang the Skirmisher (level 4, 0/43 HPs)
             Began as a Gargoyle Berserker on Feb 21, 2019.
             Was a Believer of Trog.
             Slain by a gnoll
             ... wielding a +0 halberd
              (4 damage)
             ... on level 2 of the Dungeon.
             The game lasted 00:01:30 (1157 turns).

Fang the Skirmisher (Gargoyle Berserker)            Turns: 1157, Time: 00:01:31

Health: 0/43       AC:  5    Str: 27    XL:     4   Next: 15%
Magic:  13/13      EV: 12    Int:  7    God:    Trog [**....]
Gold:   132        SH:  0    Dex:  9    Spells: 3/3 levels left

rFire    . . .     SeeInvis .   a - +0 hand axe
rCold    . . .     Gourm    .   (no shield)
rNeg     + . .     Faith    .   b - +0 animal skin
rPois    ∞         Spirit   .   (no helmet)
rElec    +         Reflect  .   (no cloak)
rCorr    .         Harm     .   (no gloves)
MR       .....                  (no boots)
Stlth    ..........             (no amulet)
HPRegen  0.14/turn              e - ring of magical power
MPRegen  0.13/turn              (no ring)

@: berserking, very quick
A: negative energy resistance 1, electricity resistance, unbreathing,
petrification resistance, rot immunity, AC +3
a: Berserk, Trog's Hand, Renounce Religion


You were on level 2 of the Dungeon.
You worshipped Trog.
Trog was pleased with you.
You were very hungry.

You visited 1 branch of the dungeon, and saw 2 of its levels.

You collected 132 gold pieces.

Inventory:

Hand Weapons
 a - a +0 hand axe (weapon)
Armour
 b - a +0 animal skin (worn)
Jewellery
 e - a ring of magical power (left hand)
 p - a +3 amulet of reflection {unknown}
Scrolls
 d - 2 scrolls of blinking {unknown}
 g - 2 scrolls of magic mapping {unknown}
 i - 3 scrolls of identify {unknown}
 k - a scroll of remove curse {unknown}
 n - a scroll of amnesia {unknown}
Potions
 f - a potion of flight {unknown}
 h - a potion of berserk rage {unknown}
 j - a potion of lignification {unknown}
 m - 2 potions of curing {unknown}
 o - a potion of agility {unknown}
 q - a potion of might {unknown}
Comestibles
 c - 2 rations
 l - 9 chunks of flesh


   Skills:
 + Level 3.9 Fighting
 + Level 3.2 Axes
 + Level 3.0 Armour
 + Level 2.2 Dodging


You had 3 spell levels left.
You didn't know any spells.
Your spell library was empty.

Dungeon Overview and Level Annotations

Branches:
Dungeon (2/15)

Altars:
Okawaru


Innate Abilities, Weirdness & Mutations

You are resistant to torment.
Your stone body is resilient. (AC +3)
You are immune to poison.
You resist negative energy. (rN+)
You are resistant to electric shocks. (rElec)
You can survive without breathing.
You are immune to petrification.
You are immune to rotting.


Message History

The gnoll hits you from afar with a +0 halberd.
You miss the frilled lizard. The frilled lizard closely misses you.
The gnoll barely misses you.
You hit the frilled lizard.
You kill the frilled lizard!
Trog accepts your kill. The gnoll hits you but does no damage.
You miss the goblin. The goblin hits you but does no damage.
The gnoll hits you from afar with a +0 halberd!
* * * LOW HITPOINT WARNING * * *
A red film seems to cover your vision as you go berserk!
You feel yourself moving faster!
You feel mighty!
You are feeling very hungry.
The goblin hits you but does no damage. The gnoll closely misses you.
You closely miss the goblin. The goblin hits you but does no damage.
You slash the goblin!
You kill the goblin!
Trog accepts your kill.
The gnoll hits you from afar with a +0 halberd.
You die... #...# #...#### ....### #......# #..... .......# ....(. .......# .... ......... #... ......... . gg#

......... . #S#
##.....## .####@#
##.....# # ..##.#
.......# #.#.##.#
##.########.#.##>#
......##.......<.#
......##.####..###
......##.####..#
......##.##.)..#
......##.##.##.#


You could see 2 gnolls and an adder.

Vanquished Creatures
  2 gnolls (D:2)
  A worm (D:2)
  7 bats
  A giant cockroach (D:2)
  12 goblins
  7 hobgoblins
  7 kobolds
  2 ball pythons (D:1)
  2 frilled lizards (D:2)
  2 rats
43 creatures vanquished.

Notes
Turn   | Place    | Note
-------+----------+-------------------------------------------
     0 | D:1      | Fang the Gargoyle Berserker began the quest for the Orb.
     0 | D:1      | Reached XP level 1. HP: 14/14 MP: 1/1
   104 | D:1      | Reached XP level 2. HP: 19/19 MP: 2/2
   791 | D:2      | Reached XP level 3. HP: 20/23 MP: 3/3
   881 | D:2      | Reached ** piety under Trog
  1089 | D:2      | Found an iron altar of Okawaru.
  1151 | D:2      | Reached XP level 4. HP: 21/29 MP: 4/4
  1157 | D:2      | Slain by a gnoll

Skill      XL: |  1  2  3 |
---------------+----------+-----
Axes           | 3 |  3.2
Dodging        | 2 |  2.2
Armour         | 3 |  3.0
Fighting       | |  3.9

Action                   |  1- 3 |  4- 6 || total
-------------------------+-------+-------++-------
Melee: Hand axe          |   127 |     5 ||   132
Invok: Berserk           |       |     1 ||     1
  Eat: Chunk             |     1 |       ||     1
Armor: Animal skin       |    59 |     4 ||    63
Dodge: Dodged            |    88 |     3 ||    91
